 Seeded DCSS version 0.30-a0-715-gdb4ae3ece1 (webtiles) character file.

Game seed: 5430720872467839093 (custom seed)

43 valliere the Scratcher (level 3, 0/15 HPs)
             Began as a Felid Transmuter on Jan 24, 2023.
             Slain by a gnoll
             ... wielding a +0 club
              (9 damage)
             ... on level 2 of the Dungeon.
             The game lasted 00:02:55 (468 turns).

valliere the Scratcher (Felid Transmuter)            Turns: 468, Time: 00:02:55

Health: 0/15       AC:  1    Str: 19    XL:     3   Next: 37%
Magic:  6/6        EV: 22    Int: 13    God:
Gold:   33         SH:  0    Dex: 15    Spells: 5/6 levels left
                                        Lives:  0   Deaths: 0

rFire   . . .      SeeInvis +      - Unarmed
rCold   + . .      Faith    .    (shield unavailable)
rNeg    + . .      Spirit   .    (body armour unavailable)
rPois   .          Reflect  .    (helmet unavailable)
rElec   .          Harm     .    (cloak unavailable)
rCorr   +          Rampage  .    (gloves unavailable)
Will    .....                    (boots unavailable)
Stlth   ++                       (no amulet)
HPRegen 0.22/turn                c - ring "Vyuxyuwk" {Drain rN+ EV+5 Str+3}
MPRegen 0.10/turn                d - ring of the Snail {rC+ rCorr Str+4}

@: quick
A: very small, claws 1, fangs 3, see invisible, speed 1, shaggy fur 1, stealthy
paws, no weapons or thrown items, no armour, multi-lived, low MP 1, strong 1
a: no special abilities


You were on level 2 of the Dungeon.
You visited 1 branch of the dungeon, and saw 2 of its levels.

You collected 33 gold pieces.

Inventory:

Jewellery
 c - the ring "Vyuxyuwk" (left paw) {Drain rN+ EV+5 Str+3}
   (You acquired it on level 2 of the Dungeon)

   [ring of evasion]

   EV:        It affects your evasion (+5).
   Str:       It affects your strength (+3).
   rN:        It protects you from negative energy.
   Drain:     It drains your maximum health when unequipped.
 d - the ring of the Snail (right paw) {rC+ rCorr Str+4}
   (You acquired it on level 2 of the Dungeon)

   [ring of resist corrosion]

   Str:       It affects your strength (+4).
   rC:        It protects you from cold.
   rCorr:     It protects you from acid and corrosion.
Scrolls
 b - a scroll of acquirement
 e - a scroll of amnesia {unknown}
 f - a scroll of enchant armour {unknown}
Potions
 a - a potion of lignification


   Skills:
 - Level 1.0 Fighting
 + Level 3.0 Dodging
 + Level 1.5 Stealth
 * Level 3.4 Unarmed Combat
 + Level 2.1 Spellcasting
 * Level 2.8 Transmutations
 + Level 0.9 Evocations


You had 5 spell levels left.
You knew the following spells:

 Your Spells              Type           Power      Damage    Failure   Level
a - Beastly Appendage     Tmut           16%        N/A       8%          1

Your spell library contained the following spells:

 Spells                   Type           Power      Damage    Failure   Level
 Wereblood                Tmut           8%         N/A       12%         2
 Spider Form              Tmut/Pois      5%         N/A       38%         3
 Ice Form                 Ice/Tmut       5%         N/A       80%         4


Dungeon Overview and Level Annotations

Branches:
Dungeon (2/15)

Altars:

Shops:
D:2 ?


Innate Abilities, Weirdness & Mutations

You have sharp claws.
You have razor-sharp teeth.
You have supernaturally acute eyesight. (SInv)
You cover ground quickly. (Speed+)
You are covered in fur. (AC +1)
Your paws help you pounce on unaware monsters.
You are incapable of wielding weapons or throwing items.
You cannot wear armour.
You gain extra lives every three experience levels.
Your magical capacity is low. (-10% MP)
Your muscles are strong. (Str +4, Int/Dex -1)


Message History

The goblin hits you with a +0 dagger.
You closely miss the goblin.
The goblin is severely wounded.
The goblin barely misses you.
You barely miss the goblin.
The goblin is severely wounded.
The goblin closely misses you.
You closely miss the goblin. You claw the goblin.
You kill the goblin!
No target in view!
f - a scroll labelled YMAALE IKAA You now have 33 gold pieces (gained 9).
Things that are here:
a +0 dagger; a goblin corpse A gnoll comes into view.
It is wielding a +0 flail.
A gnoll comes into view. It is wielding a +0 whip.
The gnoll shouts!
You hear a shout!
The gnoll shouts!
A gnoll comes into view. It is wielding a +0 club.
You barely miss the gnoll. The gnoll hits you with a +0 whip.
You scratch the gnoll. You claw the gnoll.
The gnoll is heavily wounded.
The gnoll misses you.
You scratch the gnoll.
The gnoll is heavily wounded.
The gnoll misses you.
You barely miss the gnoll.
The gnoll is heavily wounded.
The gnoll completely misses you.
You claw the gnoll!
You kill the gnoll!
You barely miss the gnoll. You bite the gnoll.
The gnoll is lightly wounded.
The gnoll hits you with a +0 club!
You are too injured to fight recklessly!
You barely miss the gnoll.
The gnoll is lightly wounded.
The gnoll closely misses you.
You scratch the gnoll but do no damage. The gnoll hits you with a +0 club!
Ouch! That really hurt!
You die...

#.g..# ####.#
#....#### # #.##.)..#
..##.#.......##
#.......#.#...#####
..#...#.g...#.....###
....#...g#....#.^....
..#...#..@..#...#.####
#.......#.#...........
...#.#.......#.#.#####
.#.....#...#..........
....#....#†...#...####
#.....#.).#.....##
.#.#....†..#.#.##
.....#.#.......#
...#.....#...#.#


You could see 2 gnolls.

Vanquished Creatures
  A gnoll (D:2)
  An adder (D:2)
  3 bats
  3 endoplasms
  3 goblins
  A hobgoblin (D:2)
  4 jackals (D:1)
  3 kobolds
  A frilled lizard (D:2)
  A rat (D:1)
21 creatures vanquished.

Notes
Turn   | Place    | Note
-------+----------+-------------------------------------------
     0 | D:1      | valliere the Felid Transmuter began the quest for the Orb.
     0 | D:1      | Reached XP level 1. HP: 9/9 MP: 4/4
    53 | D:1      | Gained mutation: Your magical capacity is low. (-10% MP)
                  | [potion of mutation]
    53 | D:1      | Gained mutation: Your muscles are strong. (Str +4, Int/Dex
                  | -1) [potion of mutation]
   116 | D:1      | Reached XP level 2. HP: 12/12 MP: 5/5
   163 | D:1      | Reached skill level 1 in Stealth
   203 | D:1      | You fall into a shaft and drop 1 floor!
   227 | D:2      | Identified 3 scrolls of acquirement
   227 | D:2      | Acquired the ring "Vyuxyuwk" {Drain rN+ EV+5 Str+3}
   231 | D:2      | Acquired the ring of the Snail {rC+ rCorr Str+4}
   288 | D:2      | Found Doddoiw's Magic Scroll Shoppe.
   383 | D:2      | Reached XP level 3. HP: 12/15 MP: 6/6
   468 | D:2      | Slain by a gnoll

Illustrated notes

Levels and vault maps discovered:
D:1:      dpeg_arrival_boxes_within_box, layout_basic
D:2:      layout_loops_ring, serial_shops, shop, nicolae_kite_square_tiling_tiny

Skill      XL: |  1  2 |
---------------+-------+-----
Stealth        | 1 |  1.5
Dodging        | 3 |  3.0
Fighting       | |  1.0
Unarmed Combat | |  3.4
Spellcasting   | |  2.1
Transmutations | |  2.8
Evocations     | |  0.9

Action                     || total
---------------------------++-------
  Melee: Unarmed           ||    68
         Bite              ||     6
         Punch             ||     3
    Use: Potion            ||     1
         Scroll            ||     2
   Stab: Sleeping          ||     2
 Armour: Skin              ||     4
  Dodge: Dodged            ||    53

Table legend: (Time is in decaauts)
 A = Elapsed time spent in this place.
 B = Non-inter-level travel time spent in this place.
 C = Inter-level travel time spent in this place.
 D = Time resting spent in this place.
 E = Time spent auto-exploring this place.
 F = Levels seen in this place.
 G = Mean time per level.
                   A        B        C        D        E       F      G
               +--------+--------+--------+--------+--------+-----+--------+
         Total |    401 |    401 |      0 |      0 |    255 |   2 |  200.5 |
       Dungeon |    401 |    401 |      0 |      0 |    255 |   2 |  200.5 |
               +--------+--------+--------+--------+--------+-----+--------+

Top non-repeatable levels by time:
     D:2: 230 daAuts
     D:1: 170 daAuts
